 Dungeon Crawl Stone Soup version 0.20.1-1-g8b1a95d (webtiles) character file.

235 sanboga the Skirmisher (level 6, 0/49 HPs)
             Began as a Formicid Abyssal Knight on Dec 15, 2017.
             Was a Believer of Lugonu.
             Slain by a wight
             ... wielding a cursed +2 morningstar
              (1 damage)
             ... on level 3 of the Dungeon.
             The game lasted 00:10:21 (2353 turns).

sanboga the Skirmisher (Formicid Abyssal Knight)    Turns: 2353, Time: 00:10:21

Health: 0/49       AC: 11    Str: 18    XL:     6   Next: 26%
Magic:  7/7        EV:  6    Int: 12    God:    Lugonu [**....]
Gold:   113        SH:  3    Dex: 10    Spells: 5/5 levels left

rFire    . . .     SeeInvis +   i - +2 whip (holy)
rCold    . . .     Gourm    .   v - +0 buckler
rNeg     . . .     Faith    .   k - +0 chain mail
rPois    .         Spirit   .   (helmet unavailable)
rElec    .         Reflect  .   (no cloak)
rCorr    .         Harm     .   (no gloves)
MR       .....                  o - +1 pair of boots
Stlth    ..........             (no amulet)
Regen    0.2/turn               (no ring)
MPRegen  0.1/turn               (no ring)

@: drained
A: permanent stasis, dig shafts and tunnels, four strong arms, antennae 3
a: Dig, Shaft Self, Depart the Abyss, Bend Space, Renounce Religion


You were on level 3 of the Dungeon.
You worshipped Lugonu.
Lugonu was pleased with you.
You were hungry.

You visited 1 branch of the dungeon, and saw 3 of its levels.
You visited the Abyss 1 time.

You collected 113 gold pieces.

Inventory:

Hand Weapons
 a - a +1 spear
 i - a +2 whip of holy wrath (weapon)
Armour
 k - a +0 chain mail (worn)
 o - a +1 pair of boots (worn)
 v - a +0 buckler (worn)
Scrolls
 b - a scroll of fog
 m - a scroll of fear
Potions
 d - a potion of curing {unknown}
 e - 2 potions of heal wounds {unknown}
 g - a potion of flight {unknown}
 p - a potion of might {unknown}
 s - a potion of berserk rage {unknown}
 t - a potion of mutation {unknown}
Comestibles
 c - 4 bread rations
 f - a royal jelly
 h - 3 fruits


   Skills:
 + Level 4.5(4.2) Fighting
 + Level 3.2(2.9) Maces & Flails
 + Level 2.8(2.5) Polearms
 + Level 3.4(3.1) Armour
 + Level 1.2(0.9) Dodging
 + Level 0.3(0.0) Stealth
 + Level 0.2(0.0) Shields
 + Level 2.1(1.9) Invocations


You had 5 spell levels left.
You didn't know any spells.

Dungeon Overview and Level Annotations

Branches:
Dungeon (3/15)

Altars:


Innate Abilities, Weirdness & Mutations

You cannot be hasted, slowed, berserked, paralysed or teleported.
You can dig through walls and to a lower floor.
Your four strong arms can wield two-handed weapons with a shield.
You have a pair of large antennae on your head. (SInv)


Message History

The wight is severely damaged.
The wight closely misses you.
You barely miss the wight.
The wight is severely damaged.
You hit the wight but do no damage.
The wight is severely damaged.
The wight hits you with an enchanted morningstar.
* * * LOW HITPOINT WARNING * * *
You hit the wight but do no damage.
The wight is severely damaged.
The wight barely misses you.
You hit the wight but do no damage.
The wight is severely damaged.
The wight hits you but does no damage.
You hit the wight.
The wight convulses.
The wight is almost destroyed.
The wight hits you with an enchanted morningstar.
* * * LOW HITPOINT WARNING * * *
You feel drained.
You die...

####### *.....# #########
*,#...# #.......#**#*
#.#...###.......#,.., *****
*#..†@?)##.......#.##*
*,,,******#.##z##.##...........,
*>,,,,,,,,.................(...,
***,*,***,...#.##.##)..........,
*,*,**..(....................,
*,*,,,....:#...............###
*,,,,,..##,#.P####....P.......
***,**##**,#.P*,,#..####......
*,,,* *{#..*{,#..#..#......


You could see a wight.

Vanquished Creatures
  A scorpion (D:3)
  2 wights (D:3)
  3 adders
  An ooze (D:2)
  A worm (D:3)
  A dart slug (D:1)
  3 leopard geckos
  A ball python (D:2)
  5 bats
  5 giant cockroaches
  11 goblins
  7 hobgoblins
  3 jackals (D:1)
  A quokka (D:2)
  6 frilled lizards
  9 kobolds
  4 rats
64 creatures vanquished.

Notes
Turn   | Place    | Note
-------+----------+-------------------------------------------
     0 | Abyss:1  | sanboga the Formicid Abyssal Knight began the quest for the Orb.
     0 | Abyss:1  | Reached XP level 1. HP: 18/18 MP: 2/2
    45 | Abyss:2  | Found an ancient bone altar of Kikubaaqudgha.
    70 | Abyss:2  | Noticed a smoke demon
    71 | Abyss:2  | Noticed an ice devil
    72 | D:1      | Escaped the Abyss
   525 | D:1      | Reached XP level 2. HP: 23/24 MP: 3/3
   631 | D:1      | Reached skill level 1 in Dodging
   656 | D:1      | Reached * piety under Lugonu
   764 | D:1      | Reached XP level 3. HP: 27/29 MP: 4/4
  1289 | D:2      | Reached XP level 4. HP: 36/37 MP: 5/5
  1293 | D:2      | Reached skill level 1 in Maces & Flails
  1698 | D:2      | Reached skill level 4 in Fighting
  1840 | D:2      | Reached ** piety under Lugonu
  2013 | D:3      | Reached XP level 5. HP: 33/43 MP: 6/6
  2300 | D:3      | Reached XP level 6. HP: 35/49 MP: 7/7
  2353 | D:3      | HP: 1/49 [wight/enchanted morningstar (4)]
  2353 | D:3      | Slain by a wight

Skill      XL: |  1  2  3  4  5  6 |
---------------+-------------------+-----
Dodging        | 1 |  1.2
Maces & Flails | 2 3 |  3.2
Fighting       | 4 |  4.5
Armour         | 3 |  3.4
Polearms       | |  2.8
Stealth        | |  0.3
Shields        | |  0.2
Invocations    | |  2.1

Action                   |  1- 3 |  4- 6 || total
-------------------------+-------+-------++-------
Melee: Spear             |    62 |       ||    62
       Whip              |    59 |   125 ||   184
Invok: Depart the Abyss  |     1 |       ||     1
 Abil: Dig               |     1 |       ||     1
  Use: Scroll            |     4 |     7 ||    11
 Stab: Sleeping          |     1 |       ||     1
  Eat: Chunk             |     1 |     3 ||     4
Armor: Leather armour    |    17 |       ||    17
       Scale mail        |    33 |     1 ||    34
       Chain mail        |       |    64 ||    64
Dodge: Dodged            |    71 |    39 ||   110
Block: Buckler           |       |     5 ||     5
